 Dungeon Crawl Stone Soup version 0.28-a0-653-g7e9dba17c3 (webtiles) character file.

Game seed: 12402232237381081206

1508 Demosthentine the Spear-Bearer (level 8, -14/64 HPs)
             Began as a Merfolk Gladiator on Oct 12, 2021.
             Was a Believer of Zin.
             Demolished by a two-headed ogre (25 damage)
             ... on level 6 of the Dungeon.
             The game lasted 00:07:02 (7066 turns).

Demosthentine the Spear-Bearer (Merfolk Gladiator)  Turns: 7066, Time: 00:07:02

Health: -14/64     AC: 11    Str: 16    XL:     8   Next: 82%
Magic:  8/8        EV: 16    Int:  7    God:    Zin [**....]
Gold:   216        SH:  0    Dex: 16    Spells: 7/7 levels left

rFire   . . .      SeeInvis .   a - +1 trident (protect)
rCold   . . .      Faith    .   (no shield)
rNeg    . . .      Spirit   .   b - +0 leather armour
rPois   .          Reflect  .   c - +1 helmet
rElec   .          Harm     .   l - +2 cloak
rCorr   .          Rampage  .   s - +0 pair of gloves
Will    .....                   q - +0 pair of boots
Stlth   +.........              (no amulet)
HPRegen 0.20/turn               (no ring)
MPRegen 0.11/turn               (no ring)

@: no status effects
A: (nimble swimmer 2), mertail
a: Renounce Religion, Recite, Vitalisation, Donate Gold


You were on level 6 of the Dungeon.
You worshipped Zin.
Zin was pleased with you.
You visited 1 branch of the dungeon, and saw 6 of its levels.
You also visited: Sewer.

You collected 270 gold pieces.
You spent 30 gold pieces at shops.
You donated 24 gold pieces to Zin.

Inventory:

Hand Weapons
 a - a +1 trident of protection (weapon)
Missiles
 d - a throwing net (quivered)
Armour
 b - a +0 leather armour (worn)
 c - a +1 helmet (worn)
 l - a +2 cloak (worn)
 q - a +0 pair of boots (worn)
 s - a +0 pair of gloves (worn)
Jewellery
 p - a +4 ring of protection
Wands
 k - a wand of acid (1)
 t - a wand of flame (18)
 w - a wand of iceblast (3)
Scrolls
 f - 2 scrolls of teleportation
 g - a scroll of enchant armour
 i - a scroll of vulnerability {unknown}
 m - 3 scrolls of fog
 u - 2 scrolls of silence
 v - a scroll of amnesia {unknown}
Potions
 e - 2 potions of curing
 h - 3 potions of lignification
 j - 2 potions of flight
 n - 2 potions of brilliance
 o - a potion of invisibility
 r - 2 potions of attraction


   Skills:
 + Level 6.1 Fighting
 + Level 8.9 Polearms
 - Level 2.0 Throwing
 + Level 3.9 Armour
 + Level 8.0 Dodging


You had 7 spell levels left.
You didn't know any spells.
Your spell library contained the following spells:

 Spells                   Type           Power      Damage    Failure   Level
 Foxfire                  Conj/Fire      0%         2x1d4     50%         1
 Slow                     Hex            0%         N/A       63%         2
 Confusing Touch          Hex            0%         N/A       86%         3
 Conjure Flame            Conj/Fire      0%         6-21      86%         3
 Inner Flame              Hex/Fire       0%         N/A       86%         3
 Vampiric Draining        Necr           0%         2d6       86%         3
 Flame Wave               Conj/Fire      0%         3d3       99%         4


Dungeon Overview and Level Annotations

Branches:
Dungeon (6/15)              Sewer (visited)
 Temple: D:4-7

Altars:
Dithmenos
Kikubaaqudgha
Zin

Shops:
D:2 *   D:6 (


Innate Abilities, Weirdness & Mutations

((You are quick and stealthy near water. (Stealth+, EV+, Speed+++)))
Your lower body shifts to a powerful aquatic tail in water.


Message History

The two-headed ogre is moderately wounded.
You hit the two-headed ogre.
The two-headed ogre is heavily wounded.
The two-headed ogre struggles against the net.
You hit the two-headed ogre but do no damage.
The two-headed ogre is moderately wounded.
The two-headed ogre struggles against the net.
You hit the two-headed ogre.
The two-headed ogre is heavily wounded.
The two-headed ogre struggles against the net.
You hit the two-headed ogre.
The two-headed ogre is heavily wounded.
The two-headed ogre struggles against the net.
You catch the helpless two-headed ogre completely off-guard!
You hit the two-headed ogre.
The two-headed ogre is heavily wounded.
You hit the two-headed ogre.
The two-headed ogre is heavily wounded.
The two-headed ogre struggles against the net.
You puncture the two-headed ogre!
The two-headed ogre is severely wounded.
The two-headed ogre struggles against the net.
The net rips apart, and the two-headed ogre comes free!
You barely miss the two-headed ogre.
The two-headed ogre is severely wounded.
The two-headed ogre barely misses you. The two-headed ogre closely misses you.
You hit the two-headed ogre.
The two-headed ogre is almost dead.
The two-headed ogre hits you with a +0 giant club.
The two-headed ogre hits you with a +0 giant spiked club.
* * * LOW HITPOINT WARNING * * *
Okay, then.
There is an entrance to Wyroloul's Antique Weapon Shoppe here.
You see here a throwing net.
Unknown command.
d - a throwing net The two-headed ogre hits you with a +0 giant club.
* * * LOW HITPOINT WARNING * * *
The two-headed ogre hits you with a +0 giant spiked club!!
You die...

##.....##
#.#.##
##...##
#.#.###.#
##+#
#.......#
###.#####
#.# #∩#
#.#
.######O#
.......@#
#########
#.# #.#
##### #.#
#...# #.#
#...###.#


You could see a two-headed ogre.

Vanquished Creatures
  Sigmund (D:4)
  A water moccasin (D:6)
  Purgy (Sewer)
  A sky beast (D:5)
  2 ogres
  A phantom (D:5)
  A bullfrog (D:6)
  A water moccasin zombie (D:5)
  5 wights (D:6)
  2 jellies
  3 hounds
  2 bullfrog skeletons
  An orc wizard (D:4)
  Ijyb (D:4)
  4 gnolls (D:4)
  7 adders
  2 river rats (D:3)
  A shadow imp (D:6)
  2 worms
  2 dart slugs
  13 orcs
  13 endoplasms
  5 giant cockroaches
  3 goblins
  9 hobgoblins
  6 jackals
  3 quokkas
  7 ball pythons
  4 bats
  5 frilled lizards
  19 kobolds
  7 rats
135 creatures vanquished.

Vanquished Creatures (others)
  27 fungi
  10 toadstools (D:4)
37 creatures vanquished.

Grand Total: 172 creatures vanquished

Notes
Turn   | Place    | Note
-------+----------+-------------------------------------------
     0 | D:1      | Demosthentine the Merfolk Gladiator began the quest for the
                  | Orb.
     0 | D:1      | Reached XP level 1. HP: 16/16 MP: 1/1
   486 | D:1      | Found a faded altar of an unknown god.
   509 | D:1      | Reached XP level 2. HP: 22/23 MP: 2/2
  1415 | D:2      | Reached XP level 3. HP: 28/28 MP: 3/3
  1429 | D:2      | Reached skill level 5 in Polearms
  1713 | D:2      | Reached skill level 1 in Armour
  1733 | D:2      | Found Puapit's Assorted Antiques.
  1800 | D:2      | Bought an orange potion for 15 gold pieces
  1800 | D:2      | Bought a black potion for 15 gold pieces
  2142 | D:3      | Found an ancient bone altar of Kikubaaqudgha.
  2192 | D:3      | Found a glowing drain.
  2210 | D:3      | Reached XP level 4. HP: 8/34 MP: 4/4
  2238 | Sewer    | Entered a sewer
  2690 | Sewer    | Noticed Purgy
  2699 | Sewer    | Killed Purgy
  2700 | Sewer    | Reached skill level 5 in Dodging
  2700 | Sewer    | Reached XP level 5. HP: 34/41 MP: 5/5
  2946 | D:3      | Found a glowing silver altar of Zin.
  3075 | D:3      | Reached XP level 6. HP: 48/48 MP: 6/6
  3586 | D:3      | Became a worshipper of Zin the Law-Giver
  3619 | D:4      | Noticed Sigmund
  3636 | D:4      | Killed Sigmund
  3844 | D:4      | Noticed Ijyb
  3869 | D:4      | HP: 2/48 [Ijyb (8)]
  3870 | D:4      | Zin protects you from harm!
  3873 | D:4      | Killed Ijyb
  4204 | D:4      | Reached XP level 7. HP: 54/54 MP: 7/7
  4938 | D:4      | Reached * piety under Zin
  5358 | D:5      | Entered Level 5 of the Dungeon
  5401 | D:5      | Found a shadowy altar of Dithmenos.
  5448 | D:5      | Reached ** piety under Zin
  5605 | D:5      | Reached skill level 5 in Fighting
  5717 | D:5      | Reached XP level 8. HP: 55/62 MP: 8/8
  7031 | D:6      | Found Wyroloul's Antique Weapon Shoppe.
  7032 | D:6      | Noticed a two-headed ogre
  7066 | D:6      | Demolished by a two-headed ogre

Illustrated notes

Levels and vault maps discovered:
D:1:      erik_arrival_triangle_huge, layout_loops_ring,
          ebering_ecumenical_altar_hall
D:2:      layout_loops_ring, serial_shops, nicolae_shop_overgrown_old_shop,
          minivault_14, minmay_box_of_dots
D:3:      layout_loops_ring, mainiacjoe_overflow_boulevard,
          mainiacjoe_overflow_alcove_1, portal_sewer_entry_a, st_stairs_3,
          grunt_decor_resistance, minmay_misc_feat_columns, minivault_5
D:4:      cheibrodos_fertilizer, layout_loops_ring, kennysheep_cluttered_room,
          uniq_sigmund, uniq_ijyb
D:5:      layout_basic, mainiacjoe_overflow_concentric_impassable,
          serial_aquarium, aquarium_bridge_long_separate
          [aquarium_subvault_wall, aquarium_subvault_bridge,
          aquarium_subvault_bridge, aquarium_subvault_balcony,
          aquarium_subvault_window, aquarium_subvault_bridge],
          aquarium_bridge_straight [aquarium_subvault_bridge,
          aquarium_subvault_wall, aquarium_subvault_bridge,
          aquarium_subvault_wall], aquarium_window_corridor_3,
          aquarium_window_2, aquarium_window_corner, aquarium_view_2d,
          aquarium_balcony_1b
D:6:      layout_loops_corners, serial_shops, shop

Skill      XL: |  1  2  3  4  5  6  7  8 |
---------------+-------------------------+-----
Polearms       | 5 6 7 8 |  8.9
Armour         | 1 2 3 |  3.9
Fighting       | 3 4 5 6 |  6.1
Dodging        | 5 6 8 |  8.0
Throwing       | |  2.0

Action                   |  1- 3 |  4- 6 |  7- 9 || total
-------------------------+-------+-------+-------++-------
Melee: Trident           |   115 |   153 |   281 ||   549
Throw: Throwing net      |       |     2 |     2 ||     4
  Use: Scroll            |     8 |     5 |     4 ||    17
       Potion            |       |     4 |       ||     4
 Stab: Sleeping          |     3 |     8 |     2 ||    13
       Held in net/web   |       |     1 |     1 ||     2
Armor: Leather armour    |    21 |    26 |    61 ||   108
Dodge: Dodged            |    60 |   105 |   145 ||   310

Table legend: (Time is in decaauts)
 A = Elapsed time spent in this place.
 B = Non-inter-level travel time spent in this place.
 C = Inter-level travel time spent in this place.
 D = Time resting spent in this place.
 E = Time spent auto-exploring this place.
 F = Levels seen in this place.
 G = Mean time per level.
                   A        B        C        D        E       F      G
               +--------+--------+--------+--------+--------+-----+--------+
         Total |   7036 |   6931 |    105 |     29 |   5789 |   7 | 1005.1 |
       Dungeon |   6509 |   6404 |    105 |     29 |   5325 |   6 | 1084.8 |
         Sewer |    527 |    527 |      0 |      0 |    464 |   1 |  527.0 |
               +--------+--------+--------+--------+--------+-----+--------+

Top non-repeatable levels by time:
     D:4: 1745 daAuts
     D:2: 1142 daAuts
     D:1: 975 daAuts
     D:3: 959 daAuts
     D:6: 949 daAuts
     D:5: 738 daAuts
   Sewer: 527 daAuts
